 Dungeon Crawl Stone Soup version 0.29.0-4-gdea44cf6ec (webtiles) character file.

Game seed: 13132610736930777394

37 qw the Chopper (level 3, -2/21 HPs)
             Began as a Tengu Warper on Aug 28, 2022.
             Slain by Natasha (6 damage)
             ... on level 2 of the Dungeon.
             The game lasted 00:00:08 (2239 turns).

qw the Chopper (Tengu Warper)                       Turns: 2239, Time: 00:00:08

Health: -2/21      AC:  3    Str: 13    XL:     3   Next: 41%
Magic:  7/7        EV: 12    Int: 13    God:
Gold:   70         SH:  0    Dex: 13    Spells: 6/6 levels left

rFire   . . .      SeeInvis .   Y - +0 hand axe
rCold   . . .      Faith    .   (no shield)
rNeg    + . .      Spirit   .   b - +0 leather armour
rPois   .          Reflect  .   (helmet restricted)
rElec   .          Harm     .   (no cloak)
rCorr   .          Rampage  .   (no gloves)
Will    .....                   (boots unavailable)
Stlth   +.........              (no amulet)
HPRegen 0.07/turn               f - ring of positive energy
MPRegen 0.10/turn               (no ring)

@: no status effects
A: beak, talons 3
a: no special abilities


You were on level 2 of the Dungeon.
You visited 1 branch of the dungeon, and saw 2 of its levels.

You collected 70 gold pieces.


Innate Abilities, Weirdness & Mutations

You have a beak for a mouth.
You have claws for feet.


   Skills:
 - Level 2.0 Fighting
 + Level 4.1 Axes
 - Level 1.0 Throwing
 - Level 1.1 Armour
 - Level 2.1 Dodging
 - Level 2.0 Spellcasting
 - Level 2.4 Translocations


You had 6 spell levels left.
You didn't know any spells.
Your spell library contained the following spells:

 Spells                   Type           Power      Damage    Failure   Level
 Blink                    Tloc           14%        N/A       19%         2
 Gell's Gravitas          Tloc           7%         N/A       36%         3
 Lesser Beckoning         Tloc           7%         N/A       36%         3
 Teleport Other           Tloc           7%         N/A       36%         3
 Manifold Assault         Tloc           7%         N/A       98%         5

Inventory:

Hand Weapons
 i - a +0 club
 Y - a +0 hand axe (weapon)
Armour
 b - a +0 leather armour (worn)
Jewellery
 f - a ring of positive energy (left hand)
Potions
 h - a potion of resistance

Dungeon Overview and Level Annotations

Branches:
Dungeon (2/15)

Altars:

Annotations:
D:2 Natasha


Message History

Your peck misses the adder zombie.
The adder zombie is lightly damaged.
The adder zombie bites you but does no damage.
You hit the adder zombie.
The adder zombie is moderately damaged.
The adder zombie misses you.
You hit the adder zombie.
The adder zombie is heavily damaged.
The adder zombie misses you. The adder zombie bites you.
You hit the adder zombie. Your kick misses the adder zombie.
The adder zombie is heavily damaged.
The adder zombie barely misses you.
You closely miss the adder zombie.
The adder zombie is heavily damaged.
The adder zombie barely misses you.
You hit the adder zombie. You claw the adder zombie.
The adder zombie is severely damaged.
The adder zombie bites you but does no damage.
You slash the adder zombie!
You destroy the adder zombie!
You start resting.
HP restored.
Natasha, Servant of Life and Death comes into view.
Natasha moves out of view.
Found a stone staircase leading down.
Natasha hisses angrily.
Natasha stares at you and mumbles some strange words.
The magic dart hits you!
2235 ||| Stepping ~*~*~tactically~*~*~ (hiding).
You start resting.
Natasha is nearby!
Natasha casts a spell at you. The magic dart hits you.
You hit Natasha.
Natasha is moderately wounded.
Natasha claws you!
You hit Natasha. Your peck misses Natasha.
Natasha is heavily wounded.
Natasha claws you.
You die...

#.........#....%..7
#.........#..%....#
#............%....#
#.........##....<.#
#.........####..#....
#.........# #....#..
#####.###.# #......##
#..# .# #.#..#.. #@## #
.........
......h.................
...........#.### .. #..
....##..##... ... ....
.### .. ..... . . .....
# >......


You could see Natasha.

Vanquished Creatures
  An adder zombie (D:2)
  A worm (D:2)
  2 dart slugs (D:2)
  An endoplasm (D:1)
  A giant cockroach (D:1)
  3 goblins (D:1)
  2 hobgoblins
  2 jackals (D:2)
  A kobold (D:1)
  2 ball pythons (D:1)
  7 bats
  A frilled lizard (D:2)
  A rat (D:1)
25 creatures vanquished.

Vanquished Creatures (others)
  22 withered plants (D:2)
22 creatures vanquished.

Grand Total: 47 creatures vanquished

Notes
Turn   | Place    | Note
-------+----------+-------------------------------------------
     0 | D:1      | qw the Tengu Warper began the quest for the Orb.
     0 | D:1      | Reached XP level 1. HP: 12/12 MP: 4/4
     0 | D:1      | 0 ||| qw: Version: 0.1-a-89-g26bdef1
     0 | D:1      | 0 ||| qw: Game counter: 3306
     0 | D:1      | 0 ||| qw: Always use a shield: true
     0 | D:1      | 0 ||| qw: God list: Okawaru
     0 | D:1      | 0 ||| qw: Allow faded altars: false
     0 | D:1      | 0 ||| qw: Do Orc after D:15 true
     0 | D:1      | 0 ||| qw: Do second Lair branch before Depths: true
     0 | D:1      | 0 ||| qw: Lair rune preference: random
     0 | D:1      | 0 ||| qw: Plans: Normal
     0 | D:1      | 0 ||| PLANNING D:1-11
   243 | D:1      | Reached skill level 3 in Axes
   243 | D:1      | Reached XP level 2. HP: 15/17 MP: 6/6
   573 | D:1      | 573 ||| Stepping ~*~*~tactically~*~*~ (stealth).
   953 | D:1      | 953 ||| Stepping ~*~*~tactically~*~*~ (stealth).
   954 | D:1      | 954 ||| Stepping ~*~*~tactically~*~*~ (stealth).
   987 | D:1      | Found a faded altar of an unknown god.
  1188 | D:1      | 1188 ||| UPGRADING to ring of positive energy.
  1189 | D:1      | 1189 ||| READING scroll labelled SAYGHI WAREA.
  1190 | D:1      | 1190 ||| READING scroll labelled OXOFRU FACLADAUV.
  1191 | D:1      | 1191 ||| READING scroll labelled MARCHO QAAJ.
  1195 | D:1      | 1195 ||| READING scroll labelled TOURPH NUTOPS.
  1196 | D:1      | 1196 ||| READING scroll labelled AGRINL PEICOLAU.
  1197 | D:1      | 1197 ||| DRINKING 2 viscous orange potions.
  1198 | D:1      | 1198 ||| DRINKING 2 glowing green potions.
  1299 | D:1      | 1299 ||| DROPPING scroll of blinking.
  1300 | D:1      | 1300 ||| DROPPING potion of ambrosia.
  1351 | D:2      | 1351 ||| FLEEEEING.
  1352 | D:2      | 1352 ||| FLEEEEING.
  1353 | D:2      | 1353 ||| FLEEEEING.
  1354 | D:2      | 1354 ||| STAIRDANCE
  1472 | D:2      | Reached XP level 3. HP: 6/21 MP: 7/7
  1473 | D:2      | HP: 5/21 [jackal (1)]
  1495 | D:2      | 1495 ||| FLEEEEING.
  1496 | D:2      | 1496 ||| FLEEEEING.
  1497 | D:2      | 1497 ||| STAIRDANCE
  1911 | D:2      | 1911 ||| Stepping ~*~*~tactically~*~*~ (hiding).
  2013 | D:2      | 2013 ||| Stepping ~*~*~tactically~*~*~ (hiding).
  2017 | D:2      | 2017 ||| Stepping ~*~*~tactically~*~*~ (hiding).
  2025 | D:2      | Reached skill level 4 in Axes
  2232 | D:2      | Noticed Natasha
  2235 | D:2      | 2235 ||| Stepping ~*~*~tactically~*~*~ (hiding).
  2238 | D:2      | HP: 4/21 [Natasha (8)]
  2239 | D:2      | Slain by Natasha

Levels and vault maps discovered:
D:1:      amcnicky_arrival_abandoned_market, layout_loops_ring,
          dilly_ecumenical_altar_fadedgnrine
D:2:      layout_rooms, dilly_guarded_unrand_morg, uniq_crazy_yiuf_cottage

Skill      XL: |  1  2  3 |
---------------+----------+-----
Axes           | 3 4 |  4.1
Fighting       | |  2.0
Throwing       | |  1.0
Armour         | |  1.1
Dodging        | |  2.1
Spellcasting   | |  2.0
Translocations | |  2.4

Action                   || total
-------------------------++-------
Melee: Hand axe          ||    64
       Peck              ||    12
       Kick              ||    11
       Punch             ||     1
Throw: Boomerang         ||     7
  Use: Scroll            ||     5
       Potion            ||     2
Armor: Leather armour    ||    21
Dodge: Dodged            ||    51

Table legend:
 A = Non-vault XP
 B = Vault XP
 C = Vault XP percentage of total XP
 D = Non-vault monster count
 E = Vault monster count
 F = Vault count percentage of total count
                 A         B        C        D         E       F
            +---------+---------+-------+---------+---------+-------
      Total |      48 |       6 |  11.1 |      24 |       1 |   4.0
            +---------+---------+-------+---------+---------+-------
        D:1 |      26 |       0 |   0.0 |      16 |       0 |   0.0
        D:2 |      22 |       6 |  21.4 |       8 |       1 |  11.1
            +---------+---------+-------+---------+---------+-------
